 Dungeon Crawl Stone Soup version 0.25-a0-860-gf695395b5c (console) character file.

Game seed: 315569355981797284, levelgen mode: classic

17590 Duffy the Cleaver (level 12, -15/91 (92) HPs)
             Began as a Formicid Fighter on Apr 29, 2020.
             Was a High Priest of Makhleb.
             Demolished by a polar bear (18 damage)
             ... in an ice cave.
             The game lasted 00:16:45 (11576 turns).

Duffy the Cleaver (Formicid Fighter)               Turns: 11576, Time: 00:16:45

HP:   -15/91 (92)   AC: 18    Str: 23    XL:     12   Next: 84%
MP:   17/17         EV:  8    Int: 11    God:    Makhleb [*****.]
Gold: 750           SH: 18    Dex: 10    Spells: 11/11 levels left

rFire    . . .     SeeInvis +   a - +3 battleaxe
rCold    + + .     Gourm    .   L - +0 tower shield
rNeg     . . .     Faith    .   X - +0 plate armour {rC+}
rPois    .         Spirit   .   (helmet unavailable)
rElec    .         Reflect  .   (no cloak)
rCorr    .         Harm     .   H - +0 pair of gloves
MR       +....                  D - +2 pair of boots
Stlth    ..........             o - amulet of regeneration
HPRegen  0.65/turn              z - ring of protection from cold
MPRegen  0.15/turn              e - +2 ring of evasion

@: no status effects
A: permanent stasis, dig shafts and tunnels, four strong arms, antennae 3
a: Dig, Shaft Self, Minor Destruction, Lesser Servant of Makhleb, Major
Destruction, Greater Servant of Makhleb, Renounce Religion


You were in an ice cave.
You worshipped Makhleb.
Makhleb was extremely pleased with you.
You were hungry.

You visited 3 branches of the dungeon, and saw 13 of its levels.
You also visited: Sewer and Ice Cave.

You collected 802 gold pieces.
You spent 52 gold pieces at shops.

Inventory:

Hand Weapons
 a - a +3 battleaxe (weapon)
 b - the +5 hand axe of Embarrassment {flame, rF+}
   (You took it off an orc on level 4 of the Dungeon)

   It has been specially enchanted to burn those struck by it, causing extra
   injury to most foes and up to half again as much damage against particularly
   susceptible opponents.
   Big, fiery blades are also staple armaments of hydra-hunters.
   It protects you from fire.
 c - the +5 morningstar "Fapsius" {vorpal, rPois MR++ Stlth+}
   (You found it on level 6 of the Dungeon)

   It inflicts extra damage upon your enemies.
   It protects you from poison.
   It affects your resistance to hostile enchantments.
   It makes you more stealthy.
 w - a +1 trident of venom
 x - a +0 trident
 C - a +0 war axe
 E - the +8 spear of Tenacity {speed, *Noise Int+7, unknown}
   (You found it on level 5 of the Dungeon)

   Attacks with this weapon are significantly faster.
   It affects your intelligence (+7).
   It may make noises in combat.
 I - a +4 spear
 J - a +4 halberd
Missiles
 R - a throwing net (quivered)
Armour
 q - the +7 chain mail of Death's Door {rN+ SInv}
   (You found it on level 6 of the Dungeon)

   It protects you from negative energy.
   It lets you see invisible.
 D - a +2 pair of boots (worn)
 H - a +0 pair of gloves (worn)
 L - a +0 tower shield (worn)
 X - a +0 plate armour of cold resistance (worn)
Jewellery
 e - a +2 ring of evasion (right hand)
 o - an amulet of regeneration (around neck)
 r - an uncursed amulet of the acrobat
 z - a ring of protection from cold (left hand)
 N - an uncursed ring of protection from fire
Wands
 g - a wand of scattershot (9)
 l - a wand of paralysis (15)
 F - a wand of enslavement (9)
 G - a wand of acid (9)
 Q - a wand of flame (34)
 T - a wand of clouds (5)
 U - a wand of digging (5)
Scrolls
 h - a scroll of immolation {unknown}
 i - 5 scrolls of remove curse
 p - 3 scrolls of magic mapping
 t - a scroll of vulnerability {unknown}
 u - a scroll of amnesia {unknown}
 y - a scroll of noise {unknown}
 B - a scroll of fear {unknown}
 O - a scroll of enchant armour
 P - a scroll of random uselessness {unknown}
 S - 2 scrolls of holy word
 W - a scroll of torment {unknown}
Potions
 d - 4 potions of might
 j - a potion of cancellation
 k - 3 potions of mutation
 m - 7 potions of curing {unknown}
 n - 6 potions of resistance {unknown}
 s - 3 potions of heal wounds
 v - 4 potions of brilliance
 A - a potion of ambrosia
 M - a potion of magic
 V - a potion of lignification
Comestibles
 f - 30 rations
 K - 13 chunks of flesh


   Skills:
 - Level 8.0 Fighting
 + Level 12.3 Axes
 + Level 9.0 Armour
 + Level 12.2 Shields
 + Level 6.8 Invocations
 - Level 5.0 Evocations


You had 11 spell levels left.
You didn't know any spells.
Your spell library contained the following spells:

 Spells                   Type           Power        Failure   Level  Hunger
 Corona                   Hex            #......      100%        1    ##.....
 Pain                     Necr           #...         100%        1    ##.....
 Slow                     Hex            #.......     100%        2    ###....
 Inner Flame              Hex/Fire       #.......     100%        3    ####...
 Portal Projectile        Hex/Tloc       #.....       100%        3    ####...
 Cause Fear               Hex            #.........   100%        4    #####..
 Leda's Liquefaction      Hex/Erth       #.........   100%        4    #####..


Dungeon Overview and Level Annotations

Branches:
Dungeon (11/15)            Temple (1/1) D:5            Lair (1/6) D:11
    Orc (0/2) D:11          Sewer (visited)           IceCv (1/1)

Altars:
Ashenzari
Cheibriados
Dithmenos
Elyvilon
Fedhas
Gozag
Hepliaklqana
Kikubaaqudgha
Makhleb
Nemelex Xobeh
Okawaru
Qazlal
Ru
Sif Muna
Trog
Uskayaw
Vehumet
Wu Jian
Xom
Yredelemnul
Zin
The Shining One
Beogh

Shops:
D:7 [   D:9 [   D:11 *

Annotations:
D:7 exclusion: upstairs


Innate Abilities, Weirdness & Mutations

You cannot be hasted, slowed, berserked, paralysed or teleported.
You can dig through walls and to a lower floor.
Your four strong arms can wield two-handed weapons with a shield.
You have a pair of large antennae on your head. (SInv)


Message History

The polar bear is moderately wounded.
The polar bear bites you but does no damage.
You block the polar bear's attack.
The polar bear claws you but does no damage.
You slice the polar bear!!
The polar bear is severely wounded.
You block the polar bear's attack. x3
You hit the polar bear.
The polar bear is severely wounded.
The polar bear goes berserk!
You hit the polar bear but do no damage.
The polar bear is severely wounded.
You block the polar bear's attack. The polar bear closely misses you.
The polar bear claws you but does no damage.
The polar bear bites you!! You block the polar bear's attack.
The polar bear claws you but does no damage.
Your plate armour prevents you from hitting the polar bear.
The polar bear is severely wounded.
The polar bear bites you!!
You die...

#.{#
#{{##
##..##
##..#
##...#
##...##
##Y..##
##hY..##
#@##{%.#
####.%.##
##.....##
#...\...#
#.......#
##..\..##
##...##
#####


You could see a polar bear (berserk) and 2 yaks.

Vanquished Creatures
  The ghost of Maedhros the Martial Artist, a journeyman OpAr of Cheibriados (D:11)
  A hydra (D:11)
  A two-headed ogre (D:9)
  Pikel (D:7)
  An ugly thing (D:11)
  A cyclops (D:11)
  3 elephants (Lair:1)
  2 rust devils
  3 polar bears (IceCv)
  3 trolls
  The ghost of Arvaldir the Digger, a novice GrEE (D:5)
  4 hippogriffs
  9 yaks
  2 shadows
  Sigmund (D:2)
  A wraith (D:11)
  4 wargs (D:11)
  A water moccasin (D:8)
  Duvessa (D:7)
  A porcupine (Lair:1)
  An ice beast (D:8)
  4 black bears (D:11)
  4 slaves (D:7)
  4 ogres
  2 phantoms
  The ghost of voshxx the Firebug, an amateur OgFE (D:4)
  14 orc warriors
  3 sky beasts
  2 necrophages
  2 wolves (IceCv)
  2 centaurs
  4 crocodiles (D:11)
  6 big kobolds
  12 bullfrogs
  Dowan (D:7)
  5 scorpions
  10 killer bees
  16 wights
  A howler monkey (D:5)
  The ghost of Maedhros the Charlatan, a weakling OpAr (D:3)
  An electric eel (Lair:1)
  A centaur zombie (D:8)
  5 crimson imps
  A quasit (D:10)
  2 bullfrog zombies
  2 hounds
  A centaur skeleton (D:10)
  4 jellies
  2 bullfrog skeletons
  10 orc priests
  3 iguanas
  17 orc wizards
  3 worker ants
  A hound skeleton (D:9)
  A howler monkey skeleton (D:8)
  7 gnolls
  4 river rats (Sewer)
  16 adders
  A shadow imp (D:9)
  5 oozes
  2 adder skeletons
  2 worms (Sewer)
  A dart slug (D:1)
  7 leopard geckos
  56 orcs
  6 giant cockroaches
  7 goblins
  14 hobgoblins
  4 jackals (D:11)
  7 quokkas
  6 ball pythons
  A ball python skeleton (D:4)
  4 bats
  11 frilled lizards
  16 kobolds
  A quokka zombie (D:9)
  16 rats
  2 plants (D:11)
387 creatures vanquished.

Vanquished Creatures (others)
  29 fungi (D:11)
  18 plants (D:11)
47 creatures vanquished.

Grand Total: 434 creatures vanquished

Notes
Turn   | Place    | Note
-------+----------+-------------------------------------------
     0 | D:1      | Duffy the Formicid Fighter began the quest for the Orb.
     0 | D:1      | Reached XP level 1. HP: 18/18 MP: 1/1
   250 | D:1      | Reached XP level 2. HP: 24/24 MP: 2/2
   771 | D:1      | Reached XP level 3. HP: 27/29 MP: 3/3
  1126 | D:2      | Noticed Sigmund
  1152 | D:2      | Killed Sigmund
  1152 | D:2      | Reached skill level 5 in Shields
  1152 | D:2      | Reached XP level 4. HP: 3/35 MP: 4/4
  1152 | D:2      | Reached XP level 5. HP: 4/41 MP: 5/5
  1637 | D:2      | Reached XP level 6. HP: 46/47 MP: 6/6
  1973 | D:2      | Found a bloodstained altar of Trog.
  2260 | D:3      | Identified Sif Muna's Almanac of Black Secrets
  2327 | D:3      | Found a shimmering blue altar of Sif Muna.
  2347 | D:3      | Found a runed translucent door.
  2786 | D:3      | Reached skill level 5 in Axes
  2995 | D:3      | Noticed Maedhros's ghost (weakling OpAr)
  3001 | D:3      | Killed Maedhros's ghost
  3001 | D:3      | Reached XP level 7. HP: 47/52 MP: 7/7
  3198 | D:4      | Found a runed translucent gate.
  3198 | D:4      | Identified the +5 hand axe of Embarrassment {flame, rF+}
  3198 | D:4      | Noticed voshxx's ghost (amateur OgFE)
  3199 | D:4      | Found a runed translucent gate.
  3200 | D:4      | Found a runed translucent gate.
  3200 | D:4      | Found a roughly hewn altar of Beogh.
  3208 | D:4      | Found a glowing drain.
  3219 | Sewer    | Entered a sewer
  3890 | Sewer    | Reached XP level 8. HP: 41/58 MP: 8/8
  4825 | D:4      | Killed voshxx's ghost
  4907 | D:5      | Entered Level 5 of the Dungeon
  4993 | D:5      | Found a runed translucent gate.
  4994 | D:5      | Found a runed translucent gate.
  4995 | D:5      | Got a shimmering spear
  5044 | D:5      | Reached XP level 9. HP: 64/64 MP: 9/9
  5114 | D:5      | Found a runed translucent gate.
  5120 | D:5      | Noticed Arvaldir's ghost (novice GrEE)
  5140 | D:5      | Reached skill level 1 in Evocations
  5404 | D:5      | Found a staircase to the Ecumenical Temple.
  5598 | Temple   | Entered the Ecumenical Temple
  5850 | Temple   | Became a worshipper of Makhleb the Destroyer
  6000 | D:6      | Found a bloodstained altar of Trog.
  6038 | D:6      | Found a stormy altar of Qazlal.
  6579 | D:7      | Noticed a hippogriff
  6588 | D:7      | Killed a hippogriff
  6639 | D:7      | Noticed Pikel
  6664 | D:7      | Killed Pikel
  6664 | D:7      | Reached skill level 5 in Fighting
  6668 | D:7      | Noticed a hippogriff
  6683 | D:7      | Killed a hippogriff
  6683 | D:7      | Reached * piety under Makhleb
  6683 | D:7      | Reached skill level 5 in Evocations
  6683 | D:7      | Reached XP level 10. HP: 65/75 MP: 13/13
  6828 | D:7      | Noticed Duvessa
  6829 | D:7      | Noticed Dowan
  6838 | D:7      | Killed Dowan
  6841 | D:7      | Killed Duvessa
  7097 | D:7      | Found Miylo's Antique Armour Shop.
  7145 | D:6      | Noticed a rust devil
  7145 | D:6      | Noticed a rust devil
  7318 | D:7      | Reached skill level 10 in Axes
  7605 | D:8      | Reached ** piety under Makhleb
  8233 | D:9      | Found a shattered altar of Ashenzari.
  8539 | D:9      | Reached skill level 5 in Armour
  8540 | D:9      | Reached *** piety under Makhleb
  8542 | D:9      | Reached XP level 11. HP: 86/86 MP: 14/14
  8586 | D:9      | Noticed a two-headed ogre
  8609 | D:9      | Killed a two-headed ogre
  8609 | D:9      | Reached skill level 10 in Shields
  8650 | D:9      | Found Remair's Antique Armour Shoppe.
  9020 | D:10     | Entered Level 10 of the Dungeon
  9118 | D:10     | Reached skill level 1 in Invocations
  9233 | D:10     | Reached **** piety under Makhleb
  9830 | D:11     | Found Niuclohy's General Store.
  9838 | D:11     | Bought a scroll of identify for 26 gold pieces
  9838 | D:11     | Bought a scroll of identify for 26 gold pieces
  9978 | D:11     | Noticed a brown ugly thing
  9992 | D:11     | Killed a brown ugly thing
  9996 | D:11     | Found a staircase to the Lair.
 10110 | D:11     | Noticed a six-headed hydra
 10119 | D:11     | Killed a three-headed hydra
 10132 | D:11     | Reached XP level 12. HP: 92/92 MP: 15/15
 10449 | D:11     | Reached skill level 5 in Invocations
 10457 | D:11     | Found a staircase to the Orcish Mines.
 10466 | D:11     | Reached ***** piety under Makhleb
 10593 | D:11     | Found a runed translucent gate.
 10594 | D:11     | Found a runed translucent gate.
 10595 | D:11     | Found a runed translucent gate.
 10595 | D:11     | Noticed Maedhros's ghost (journeyman OpAr)
 10603 | D:11     | Found a roughly hewn altar of Beogh.
 10802 | D:11     | Killed Maedhros's ghost
 11131 | D:6      | Got a steaming morningstar
 11141 | D:6      | Got a transparent chain mail
 11155 | D:6      | Identified the +7 chain mail of Death's Door {rN+ SInv}
                  | (You found it on level 6 of the Dungeon)
 11157 | D:6      | Identified the +5 morningstar "Fapsius" {vorpal, rPois MR++
                  | Stlth+} (You found it on level 6 of the Dungeon)
 11258 | D:5      | Killed Arvaldir's ghost
 11389 | Lair:1   | Entered Level 1 of the Lair of Beasts
 11472 | Lair:1   | Found a frozen archway.
 11481 | IceCv    | Entered an ice cave
 11575 | IceCv    | HP: 2/91 [polar bear (21)]
 11576 | IceCv    | Demolished by a polar bear

Levels and vault maps discovered:
D:1:      minmay_arrival_shoal_huts, layout_basic, chequers_mini_garden,
          minmay_crystal_water
D:2:      layout_loops_ring, lightli_temple_of_fire, serial_bayou,
          serial_bayou_pond_c, serial_bayou_pond_a, serial_bayou_pond_c,
          serial_bayou_pond_b, chequers_avenue, uniq_sigmund
D:3:      layout_loops_ring, ebering_ghost_reflecting_pool, solitary_fountain,
          led_sif_book
D:4:      cheibrodos_greedy_goblins, layout_gridville, first_ration,
          portal_sewer_entry_a, biasface_ghost_orc_armoury, nrook_loot_triangle
D:5:      layout_cave_pools, temple_statues, ebering_ghost_rock_garden,
          minmay_a_box_with_orc_wizards_in_it
D:6:      cheibrodos_iron_armory, layout_rooms, basic_altar,
          chequers_hall_statues_corner_a, nicolae_qazlal_general_emergency
D:7:      layout_basic, serial_shops, shop, grunt_ogre_cave, uniq_pikel,
          uniq_duvessa
D:8:      layout_basic
D:9:      layout_loops_cross, basic_altar, serial_shops, shop, grunt_tough_drop
D:10:     layout_roguey
D:11:     layout_loops_ring, due_lair_maze_entry_diamond,
          minmay_orc_entry_guard_dogs, ebering_ghost_rock_garden, special_room
          [special_room_orc], serial_shops, shop_statue
Temple:   nicolae_temple_the_god_donut
Lair:1:   layout_chaotic_city, portal_ice_cave_entry_pillars_2,
          serial_bayou_ford_a
IceCv:    ice_cave_small_giant

Skill      XL: |  1  2  3  4  5  6  7  8  9 10 11 12 |
---------------+-------------------------------------+-----
Shields        | 4 5 6 8 9 11 12 | 12.2
Axes           | 4 5 6 8 9 10 11 12 | 12.3
Evocations     | 5 |  5.0
Fighting       | 5 8 |  8.0
Armour         | 5 7 9 |  9.0
Invocations    | 4 6 |  6.8

Action                   |  1- 3 |  4- 6 |  7- 9 | 10-12 || total
-------------------------+-------+-------+-------+-------++-------
Melee: War axe           |    76 |   133 |   267 |       ||   476
       Hand axe          |       |       |   159 |     3 ||   162
       Battleaxe         |       |       |    46 |   806 ||   852
Throw: Boomerang         |       |       |     7 |       ||     7
Invok: Lesser Servant of |       |       |       |     2 ||     2
 Abil: Dig               |     3 |     1 |     7 |    12 ||    23
Evoke: Wand              |       |       |       |    11 ||    11
  Use: Scroll            |     1 |     1 |     9 |     7 ||    18
 Stab: Paralysed         |       |       |       |     9 ||     9
  Eat: Chunk             |     1 |     6 |    14 |    19 ||    40
Armor: Scale mail        |    20 |    19 |       |       ||    39
       Chain mail        |       |    33 |   158 |    30 ||   221
       Plate armour      |       |       |       |   298 ||   298
Dodge: Dodged            |    21 |    43 |   130 |   187 ||   381
Block: Kite shield       |    33 |    79 |   204 |    44 ||   360
       Tower shield      |       |       |       |   657 ||   657

Table legend:
 A = Non-vault XP
 B = Vault XP
 C = Vault XP percentage of total XP
 D = Non-vault monster count
 E = Vault monster count
 F = Vault count percentage of total count
                 A         B        C        D         E       F
            +---------+---------+-------+---------+---------+-------
      Total |   14603 |   10526 |  41.9 |     268 |     113 |  29.7
            +---------+---------+-------+---------+---------+-------
        D:1 |      36 |       0 |   0.0 |      20 |       0 |   0.0
        D:2 |      30 |     213 |  87.7 |      17 |       2 |  10.5
        D:3 |     139 |     128 |  47.9 |      26 |       3 |  10.3
        D:4 |     367 |     198 |  35.0 |      15 |      17 |  53.1
        D:5 |     418 |     346 |  45.3 |      18 |       2 |  10.0
        D:6 |     332 |     344 |  50.9 |      10 |       1 |   9.1
        D:7 |    1163 |    1571 |  57.5 |      12 |       7 |  36.8
        D:8 |    1730 |       0 |   0.0 |      47 |       0 |   0.0
        D:9 |    1885 |    1213 |  39.2 |      32 |       5 |  13.5
       D:10 |    2660 |       0 |   0.0 |      31 |       0 |   0.0
       D:11 |    4206 |    4176 |  49.8 |      35 |      40 |  53.3
     Lair:1 |    1637 |       0 |   0.0 |       5 |       0 |   0.0
      Sewer |       0 |     609 | 100.0 |       0 |      28 | 100.0
      IceCv |       0 |    1728 | 100.0 |       0 |       8 | 100.0
            +---------+---------+-------+---------+---------+-------
